 Dungeon Crawl Stone Soup version 0.28-a0-1513-ge4f4046303 (webtiles) character file.

Game seed: 11502970231554299944

41 Lekart the Skirmisher (level 3, -16/33 HPs)
             Began as a Draconian Abyssal Knight on Jan 16, 2022.
             Was a Follower of Lugonu.
             Demolished by an ogre (18 damage)
             ... on level 2 of the Dungeon.
             The game lasted 00:01:48 (1858 turns).

Lekart the Skirmisher (Draconian Abyssal Knight)    Turns: 1858, Time: 00:01:49

Health: -16/33     AC:  6    Str: 15    XL:     3   Next: 32%
Magic:  4/4        EV: 12    Int: 10    God:    Lugonu [*.....]
Gold:   100        SH:  0    Dex: 13    Spells: 2/2 levels left

rFire   . . .      SeeInvis .   a - +2 falchion
rCold   . . .      Faith    .   (no shield)
rNeg    . . .      Spirit   .   (armour unavailable)
rPois   .          Reflect  .   e - +1 hat
rElec   .          Harm     .   (no cloak)
rCorr   .          Rampage  .   (no gloves)
Will    .....                   (no boots)
Stlth   +.........              (no amulet)
HPRegen 0.11/turn               (no ring)
MPRegen 0.09/turn               (no ring)

@: no status effects
A: AC +5, unfitting armour, cold-blooded
a: Renounce Religion, Depart the Abyss


You were on level 2 of the Dungeon.
You worshipped Lugonu.
Lugonu was aware of your devotion.
You visited 1 branch of the dungeon, and saw 2 of its levels.
You visited the Abyss 1 time.

You collected 100 gold pieces.

Inventory:

Hand Weapons
 a - a +2 falchion (weapon)
Missiles
 i - 5 javelins
 j - 3 poisoned darts (quivered)
Armour
 e - a +1 hat (worn)
Scrolls
 b - a scroll of magic mapping
 f - a scroll of blinking {unknown}
 g - a scroll of teleportation {unknown}
Potions
 c - a potion of degeneration {unknown}
 d - a potion of ambrosia {unknown}
 h - a potion of cancellation {unknown}


   Skills:
 + Level 3.8 Fighting
 + Level 2.7 Long Blades
 + Level 2.4 Dodging
 * Level 2.5 Invocations


You had 2 spell levels left.
You didn't know any spells.
Your spell library contained the following spells:

 Spells                   Type           Power      Damage    Failure   Level
 Foxfire                  Conj/Fire      0%         2x1d4     36%         1
 Conjure Flame            Conj/Fire      0%         6-21      75%         3
 Inner Flame              Hex/Fire       0%         N/A       75%         3
 Flame Wave               Conj/Fire      0%         2d4       98%         4


Dungeon Overview and Level Annotations

Branches:
Dungeon (2/15)

Altars:


Innate Abilities, Weirdness & Mutations

Your plain brown scales are hard. (AC +5)
You cannot fit into any form of body armour.
You are cold-blooded and may be slowed by cold attacks.


Message History

There is an open door here.
There is an open door here.
You see here 6 poisoned darts.
j - 6 poisoned darts An ogre comes into view.
It is wielding a +0 giant spiked club.
The ogre shouts!
You aren't in the Abyss!
You aren't in the Abyss!
You aren't carrying any pieces of jewellery.
Throw: 6 darts (poison)
Press: ? - help, Q - select action, (/) - cycle Shift-Dir - straight line, f - ogre
Aim: an ogre, wielding a +0 giant spiked club (73% to hit)
You throw a poisoned dart. The poisoned dart hits the ogre.
The ogre is poisoned.
Throw: 5 darts (poison)
Press: ? - help, Q - select action, (/) - cycle Shift-Dir - straight line, f/p - ogre
Aim: an ogre, wielding a +0 giant spiked club (poisoned, 73% to hit)
You throw a poisoned dart. The poisoned dart hits the ogre.
The ogre looks even sicker.
Throw: 4 darts (poison)
Press: ? - help, Q - select action, (/) - cycle Shift-Dir - straight line, f/p - ogre
Aim: an ogre, wielding a +0 giant spiked club (very poisoned, 73% to hit)
You throw a poisoned dart. The poisoned dart hits the ogre.
The ogre hits you with a +0 giant spiked club!!
Ouch! That really hurt!
* * * LOW HITPOINT WARNING * * *
Okay, then.
The ogre looks more healthy.
Okay, then.
Okay, then.
Okay, then.
You hit the ogre.
The ogre is severely wounded.
The ogre hits you with a +0 giant spiked club!
* * * LOW HITPOINT WARNING * * *
You slash the ogre!
Your tail-slap misses the ogre.
The ogre is almost dead.
The ogre hits you with a +0 giant spiked club!!
Ouch! That really hurt!
You die...

#.# #.# #.# #.# ### #.# #.#
#######.#####.###.### ######
....................# #....#
..................#.######....###
###.##..####..###.#..............
#.....# #..###.#.######....###
#.#...####...O@................
#.#.........................##.
#.#...#......##.#....###....##.
#.#...#......##.#....# #....##.
###.#...#.........#....######.##.
............................#.##.
###.#.........................##.
#.#...#####......>.............
#.#...#####..####.##....####.#.


You could see an ogre.

Vanquished Creatures
  2 dart slugs (D:1)
  3 endoplasms (D:1)
  A giant cockroach (D:2)
  2 goblins
  4 hobgoblins
  3 jackals (D:1)
  3 kobolds (D:1)
  A quokka (D:1)
  5 ball pythons
  3 bats
  2 frilled lizards (D:2)
  4 rats
33 creatures vanquished.

Notes
Turn   | Place    | Note
-------+----------+-------------------------------------------
     0 | Abyss:1  | Lekart the Draconian Abyssal Knight began the quest for the
                  | Orb.
     0 | Abyss:1  | Reached XP level 1. HP: 19/19 MP: 2/2
     2 | Abyss:1  | Found a corrupted altar of Lugonu.
    42 | Abyss:1  | Noticed a small abomination
    43 | D:1      | Escaped the Abyss
   268 | D:1      | Found a faded altar of an unknown god.
   282 | D:1      | Reached XP level 2. HP: 26/26 MP: 3/3
   286 | D:1      | Reached * piety under Lugonu
  1376 | D:2      | Reached XP level 3. HP: 33/33 MP: 4/4
  1827 | D:2      | Noticed an ogre
  1858 | D:2      | Demolished by an ogre

Illustrated notes

Levels and vault maps discovered:
D:1:      tarquinn_simple_flora_water_a, layout_basic,
          ebering_ecumenical_altar_mist
D:2:      layout_basic

Action                   || total
-------------------------++-------
Melee: Falchion          ||    72
       Tailslap          ||     8
Throw: Dart              ||     3
Invok: Depart the Abyss  ||     1
  Use: Scroll            ||     3
 Stab: Sleeping          ||     1
Armor: Skin              ||    24
Dodge: Dodged            ||    44

Table legend: (Time is in decaauts)
 A = Elapsed time spent in this place.
 B = Non-inter-level travel time spent in this place.
 C = Inter-level travel time spent in this place.
 D = Time resting spent in this place.
 E = Time spent auto-exploring this place.
 F = Levels seen in this place.
 G = Mean time per level.
                   A        B        C        D        E       F      G
               +--------+--------+--------+--------+--------+-----+--------+
         Total |   1872 |   1788 |     84 |      0 |   1530 |   3 |  624.0 |
       Dungeon |   1829 |   1745 |     84 |      0 |   1489 |   2 |  914.5 |
         Abyss |     43 |     43 |      0 |      0 |     41 |   1 |   43.0 |
               +--------+--------+--------+--------+--------+-----+--------+

Top non-repeatable levels by time:
     D:1: 1175 daAuts
     D:2: 653 daAuts
 Abyss:1: 43 daAuts
